 Dungeon Crawl Stone Soup version 0.26-a0-576-gcfaa98f945 (webtiles) character file.

Game seed: 16970722413768433431

33 Descartes the Insei (level 3, 0/18 HPs)
             Began as a Vine Stalker Transmuter on Aug 22, 2020.
             Slain by a worm (6 damage)
             ... on level 2 of the Dungeon.
             The game lasted 00:01:55 (1709 turns).

Descartes the Insei (Vine Stalker Transmuter)       Turns: 1709, Time: 00:01:56

Health: 0/18       AC:  3    Str: 13    XL:     3   Next: 29%
Magic:  0/7        EV: 12    Int: 13    God:
Gold:   101        SH:  0    Dex: 14    Spells: 6/7 levels left

rFire    . . .     SeeInvis .     - Unarmed
rCold    . . .     Faith    .   (no shield)
rNeg     . . .     Spirit   +   i - +0 leather armour
rPois    .         Reflect  .   (no helmet)
rElec    .         Harm     .   (no cloak)
rCorr    .                      (no gloves)
MR       .....                  (no boots)
Stlth    ++........             (no amulet)
HPRegen  0.06/turn              (no ring)
MPRegen  0.10/turn              (no ring)

@: no status effects
A: fangs 2, magic shield, antimagic bite, no potion heal 3, rot immunity
a: no special abilities


You were on level 2 of the Dungeon.
You visited 1 branch of the dungeon, and saw 2 of its levels.

You collected 101 gold pieces.

Inventory:

Missiles
 d - 75 stones (quivered)
 j - 29 poisoned darts
 k - 21 sling bullets
 l - 16 arrows
 m - 32 bolts
Armour
 a - a +0 robe
 i - a +0 leather armour (worn)
Scrolls
 b - 3 scrolls of identify {unknown}
 h - a scroll of amnesia {unknown}
Potions
 c - 3 potions of curing {unknown}
 e - a potion of cancellation {unknown}
 f - a potion of magic {unknown}
 g - a potion of stabbing {unknown}


   Skills:
 + Level 1.2 Fighting
 + Level 1.9 Dodging
 + Level 1.3 Stealth
 + Level 3.2 Unarmed Combat
 + Level 2.5 Spellcasting
 + Level 2.2 Transmutations


You had 6 spell levels left.
You knew the following spells:

 Your Spells              Type           Power        Failure   Level
a - Beastly Appendage     Tmut           #.....       12%         1

Your spell library contained the following spells:

 Spells                   Type           Power        Failure   Level
 Wereblood                Tmut           #.......     19%         2
 Spider Form              Tmut/Pois      #.........   50%         3
 Ice Form                 Ice/Tmut       #.......     88%         4
 Blade Hands              Tmut           #.........   98%         5


Dungeon Overview and Level Annotations

Branches:
Dungeon (2/15)

Altars:


Innate Abilities, Weirdness & Mutations

You have extremely sharp teeth.
When hurt, damage is shared between your health and your magic reserves.
Your bite disrupts and absorbs the magic of your enemies.
Potions cannot restore your health.
You are immune to rotting.


Message History

You see here 10 gold pieces.
You hit the worm but do no damage. You hit the worm. You bite the worm.
You drain its power.
The worm is lightly wounded.
The worm closely misses you.
You hit the worm.
The worm is moderately wounded.
The worm bites you!
You hit the worm but do no damage. Your bite misses the worm.
The worm is moderately wounded.
You hit the worm. Your bite misses the worm.
The worm is heavily wounded.
The worm bites you.
You are too injured to fight recklessly!
You hit the worm.
The worm is heavily wounded.
You hit the worm.
The worm is severely wounded.
The worm bites you!
You die...

#############
......w@....#
##.########.###########
r..................
#.....#.###########
#.#####........#
#....#####.
###.#...†..#
..#.######.######.
#.#............^..


You could see a worm.

Vanquished Creatures
  An ooze (D:2)
  A dart slug (D:1)
  A ball python (D:1)
  A giant cockroach (D:1)
  2 goblins (D:2)
  7 hobgoblins
  4 kobolds (D:1)
  5 bats (D:1)
  A frilled lizard (D:1)
  2 rats
25 creatures vanquished.

Notes
Turn   | Place    | Note
-------+----------+-------------------------------------------
     0 | D:1      | Descartes the Vine Stalker Transmuter began the quest for
                  | the Orb.
     0 | D:1      | Reached XP level 1. HP: 9/9 MP: 4/4
   224 | D:1      | Reached skill level 1 in Fighting
   467 | D:1      | Reached XP level 2. HP: 6/14 MP: 4/6
   788 | D:1      | Reached skill level 1 in Stealth
  1353 | D:1      | Reached XP level 3. HP: 18/18 MP: 7/7
  1709 | D:2      | Slain by a worm

Illustrated notes

Levels and vault maps discovered:
D:1:      dpeg_arrival_ternary, layout_loops_ring, serial_park_tiny_pond,
          fountainhead, minmay_quantized
D:2:      layout_basic, hex_intersection

Skill      XL: |  1  2 |
---------------+-------+-----
Fighting       | 1 |  1.2
Stealth        | 1 |  1.3
Dodging        | |  1.9
Unarmed Combat | |  3.2
Spellcasting   | |  2.5
Transmutations | |  2.2

Action                   || total
-------------------------++-------
Melee: Unarmed           ||   100
       Bite              ||    20
 Stab: Sleeping          ||     2
Armor: Robe              ||    10
       Leather armour    ||    12
Dodge: Dodged            ||    79

Table legend: (Time is in decaauts)
 A = Elapsed time spent in this place.
 B = Non-inter-level travel time spent in this place.
 C = Inter-level travel time spent in this place.
 D = Time resting spent in this place.
 E = Time spent auto-exploring this place.
 F = Levels seen in this place.
 G = Mean time per level.
                   A        B        C        D        E       F      G
               +--------+--------+--------+--------+--------+-----+--------+
         Total |   1704 |   1664 |     40 |      0 |   1425 |   2 |  852.0 |
       Dungeon |   1704 |   1664 |     40 |      0 |   1425 |   2 |  852.0 |
               +--------+--------+--------+--------+--------+-----+--------+

Top non-repeatable levels by time:
     D:1: 1567 daAuts
     D:2: 136 daAuts
